 Dungeon Crawl Stone Soup version 0.13.1-28-g3517093 (webtiles) character file.

51117 CrazyArbalest the Quickloader (level 14, -2/99 HPs)
             Began as a Demonspawn Hunter on Mar 5, 2014.
             Was a High Priest of Okawaru.
             Slain by tsn's ghost (15 damage)
             ... on Level 4 of the Orcish Mines.
             The game lasted 05:00:34 (26923 turns).

CrazyArbalest the Quickloader (Demonspawn Hunter)  Turns: 26923, Time: 05:00:34

HP  -2/99        AC 19     Str 14      XL: 14   Next: 16%
MP  18/18        EV 22     Int 16      God: Okawaru [*****.]
Gold 1532        SH  0     Dex 15      Spells:  0 memorised, 13 levels left

Res.Fire  : + + .   See Invis. : .   f - +10,+1 crossbow (flame)
Res.Cold  : . . .   Warding    : .   B - +3 leather armour {rF+}
Life Prot.: . . .   Conserve   : .   (no shield)
Res.Poison: +       Res.Corr.  : .   e - +1 wizard hat {Int+3}
Res.Elec. : .       Clarity    : +   N - +2 elf cloak {rPois}
Sust.Abil.: . .     Spirit.Shd : .   n - +0 pair of gloves
Res.Mut.  : .       Stasis     : .   (no boots)
Res.Rott. : +       Flight     : .   p - amulet of clarity
Saprovore : + . .                    J - ring of protection from fire
                                     u - +4 ring of evasion

@: hasted, very quick, somewhat resistant to hostile enchantments, quite
stealthy
A: horns 2, foul stench 1, powered by death 2, saprovore 1, AC +7, Dex -2
a: Heroism, Finesse, Renounce Religion


You were on level 4 of the Orcish Mines.
You worshipped Okawaru.
Okawaru was extremely pleased with you.
You were not hungry.

You visited 4 branches of the dungeon, and saw 21 of its levels.
You also visited: Labyrinth and Volcano.

You collected 1973 gold pieces.
You spent 461 gold pieces at shops.

Inventory:

Hand weapons
 a - a +3,+2 orcish flail of crushing
 b - a +1,+1 crossbow
 c - a +0,+0 whip of venom
 f - a +10,+1 crossbow of flame (weapon)
 C - a +0,+2 morningstar
 E - a +3,+2 dwarven dire flail of flaming
 H - a +0,+2 orcish whip of electrocution
 P - a +2,+1 orcish great mace of protection
Missiles
 m - 2 steel bolts (quivered)
 y - 30 bolts of frost
 I - 27 bolts of flame
 O - 20 poisoned bolts
Armour
 e - a +1 wizard hat of intelligence (worn)
 g - the +0 robe "Poecsit" {+Blink +Rage rElec Int+3}
   (You bought it in a shop on level 5 of the Dungeon)

   It affects your intelligence (+3).
   It insulates you from electricity.
   It lets you blink.
   It lets you go berserk.
 j - a +1 buckler of protection
 n - a +0 pair of gloves (worn)
 x - a +2 robe of fire resistance
 B - a +3 leather armour of fire resistance (worn)
 N - a +2 elven cloak of poison resistance (worn)
 V - the +2 leather armour of Khyap {rC+ Dam-1}
   (You bought it in a shop on level 5 of the Dungeon)

   It affects your damage-dealing abilities (-1).
   It protects you from cold.
Magical devices
 v - a wand of paralysis (8)
 z - a wand of disintegration (10) {unknown}
 A - a wand of random effects (15) {unknown}
 S - a wand of teleportation (2)
Comestibles
 k - a chunk of orc flesh
 l - a sausage
 q - a lemon
 t - a beef jerky
 G - an apple
 R - an apricot
Scrolls
 h - 6 scrolls of identify
 U - 2 scrolls of remove curse
 X - a scroll of fear
 Y - a scroll of fog
 Z - a scroll of magic mapping
Jewellery
 i - an uncursed ring of protection from fire
 p - an amulet of clarity (around neck)
 u - a +4 ring of evasion (left hand)
 J - a ring of protection from fire (right hand)
 K - a +3 ring of strength
 M - an uncursed ring of ice
 W - an uncursed ring of protection from magic
Potions
 F - 3 potions of curing
 L - 2 potions of resistance
 Q - a potion of mutation


   Skills:
 + Level 6.8 Fighting
 + Level 9.4 Maces & Flails
 + Level 14.6 Crossbows
 + Level 4.9 Armour
 + Level 11.4 Dodging
 + Level 5.6 Stealth
   Level 1.4 Shields
 + Level 2.6 Invocations
 + Level 1.4 Evocations


You had 13 spell levels left.
You didn't know any spells.

Dungeon Overview and Level Annotations

Branches:
Dungeon (8/27)             Temple (1/1) D:4             Orc (4/4) D:8
    Elf (0/3) Orc:3          Lair (8/8) D:8           Swamp (0/5) Lair:4
 Spider (0/5) Lair:3        Slime (0/6) Lair:6

Altars:
Ashenzari
Cheibriados
Elyvilon
Fedhas
Makhleb
Nemelex Xobeh
Okawaru
Sif Muna
Trog
Vehumet
Xom
Zin
the Shining One
Lugonu

Shops:
D:5 [[[   Orc:3 ?

Annotations:
Orc:4 tsn's ghost, powerful GrWn
Lair:3 exclusion: 4 oklob plants


Innate Abilities, Weirdness & Mutations

You have a pair of horns on your head.
You are mostly covered in rough black scales (AC +7, Dex -2).
You emit a foul stench, and are resistant to rotting and decay.
You can steal the life force of defeated enemies.
You can tolerate rotten meat.


Message History

Aim: tsn's ghost (severely damaged)
You shoot a steel bolt. The steel bolt hits tsn's ghost.
Tsn's ghost is severely damaged.
Tsn's ghost hits you but does no damage.
Firing (i - inventory. (,) - cycle):
m - 3 steel bolts (quivered)
Press: ? - help, Shift-Dir - straight line, f/p - tsn's ghost
Aim: tsn's ghost (severely damaged)
You shoot a steel bolt. The steel bolt hits tsn's ghost.
Tsn's ghost is severely damaged.
Tsn's ghost hits you!
* * * LOW HITPOINT WARNING * * *
Tsn's ghost freezes you.
* * * LOW HITPOINT WARNING * * *
You emit a cloud of foul miasma!
Drink which item? (? for menu, Esc to quit)
You feel better.
Tsn's ghost hits you but does no damage.
Drink which item? (? for menu, Esc to quit)
You feel yourself speed up. Tsn's ghost hits you!
You die...

**,,,**,,......##*
,*****,,....#...#
,,,,,,,.........* ,,,,
,,...((....
,,,,,,,....$(..## ,,,,,
.$.....(..###
*,,,,,g...........##
**. ,,..$......p...###
,*....,...$.....@....##
,*...........#####....#
,*..........#*,,,##...#
##..........#,,_,,#..##
#...........#,,8,,#...#
..........#.#,,,,,#..##
............##,,,##..#
.<...........##+##..##
.......##...........#


You could see tsn's ghost.

Vanquished Creatures
  Gastronok (D:8)
  2 dire elephants (Lair:8)
  A minotaur (Lab)
  Josephine (Orc:3)
  4 hydras
  The ghost of matti1234 the Spear-Bearer, a powerful MfGl of Okawaru (Orc:2)
  Erica (Orc:3)
  Erolcha (D:8)
  A hill giant (D:8)
  2 giant amoebae (Lair:6)
  14 elephants
  10 black mambas
  14 spiny frogs
  An orb spider (Lair:3)
  5 wandering mushrooms
  12 komodo dragons
  6 fire drakes
  8 blink frogs
  A hog (D:7)
  2 basilisks
  A grizzly bear (Lair:5)
  3 toenail golems (Volcano)
  2 brown oozes (Lair:6)
  2 wyverns
  Eustachio (D:8)
  34 yaks
  3 elephant slugs
  5 wolves (Lair:4)
  A necrophage (D:8)
  8 hippogriffs
  5 porcupines
  11 orc warriors
  A sky beast (D:8)
  7 humans
  An ice beast (D:7)
  A giant goldfish (Lair:3)
  2 phantoms
  2 ogres (D:8)
  A centaur (D:8)
  A boring beetle (Lair:8)
  Duvessa (D:4)
  17 water moccasins
  A warg (Orc:1)
  7 giant slugs
  9 crocodiles
  A gnoll sergeant (D:6)
  11 agate snails
  22 giant frogs
  A jellyfish (Lair:3)
  6 killer bees
  A jelly (D:4)
  5 wights (D:8)
  Dowan (D:4)
  10 crimson imps
  16 orc priests
  6 hounds
  A scorpion (D:4)
  A giant frog skeleton (D:8)
  6 iguanas
  A centaur skeleton (D:4)
  16 orc wizards
  4 worker ants
  2 sheep (D:7)
  A crocodile skeleton (D:5)
  An ogre skeleton (D:6)
  24 adders
  9 gnolls
  4 giant centipedes
  44 green rats
  3 giant mites
  2 worm zombies
  7 worms
  An adder skeleton (D:8)
  A grey rat (D:8)
  2 giant eyeballs
  3 giant geckos
  167 orcs
  17 bats
  A bat zombie (D:5)
  3 giant cockroaches
  31 goblins
  11 hobgoblins
  24 jackals
  10 quokkas
  2 ball pythons
  A giant gecko zombie (D:6)
  5 giant newts
  A hobgoblin skeleton (D:5)
  A jackal zombie (D:7)
  18 kobolds
  An orc simulacrum (Orc:3)
  3 orc skeletons
  6 orc zombies (Orc:3)
  18 rats
  3 plants
751 creatures vanquished.

Vanquished Creatures (others)
  14 fungi
  5 plants
19 creatures vanquished.

Grand Total: 770 creatures vanquished

Notes
Turn   | Place    | Note
--------------------------------------------------------------
     0 | D:1      | CrazyArbalest, the Demonspawn Hunter, began the quest for the Orb.
     0 | D:1      | Reached XP level 1. HP: 16/16 MP: 0/0
   308 | D:1      | Reached skill level 4 in Crossbows
   312 | D:1      | Gained mutation: You can steal the life force of nearby defeated enemies. [demonic ancestry]
   312 | D:1      | Reached XP level 2. HP: 22/22 MP: 1/1
  1132 | D:2      | Gained mutation: You can tolerate rotten meat. [demonic ancestry]
  1132 | D:2      | Reached XP level 3. HP: 25/27 MP: 2/2
  2147 | D:3      | Reached skill level 1 in Armour
  2178 | D:3      | Reached XP level 4. HP: 30/33 MP: 3/3
  2458 | D:3      | Reached skill level 1 in Maces & Flails
  2672 | D:3      | Found a blossoming altar of Fedhas.
  2982 | D:3      | Found a snail-covered altar of Cheibriados.
  3240 | D:4      | Reached XP level 5. HP: 38/38 MP: 4/4
  3886 | D:4      | Found a staircase to the Ecumenical Temple.
  3899 | Temple   | Entered the Ecumenical Temple
  4347 | D:4      | Noticed Duvessa
  4347 | D:4      | Noticed Dowan
  4760 | D:4      | Gained mutation: You are partially covered in rough black scales (AC +4, Dex -1). [demonic ancestry]
  4760 | D:4      | Reached XP level 6. HP: 44/44 MP: 5/5
  5129 | D:5      | Entered Level 5 of the Dungeon
  5131 | D:5      | Found a bloodstained altar of Trog.
  5134 | D:5      | Found a deep blue altar of Sif Muna.
  5152 | D:5      | Found a glowing golden altar of the Shining One.
  5199 | D:5      | Found Psits' Antique Armour Shoppe.
  5207 | D:5      | Bought a glowing elven cloak for 28 gold pieces
  5308 | D:5      | Reached skill level 1 in Stealth
  5368 | D:5      | Gained mutation: You emit a foul stench, and are resistant to rotting and decay. [demonic ancestry]
  5368 | D:5      | Reached XP level 7. HP: 46/50 MP: 6/6
  5450 | D:5      | Noticed a wyvern
  5577 | D:5      | Reached skill level 5 in Crossbows
  5611 | D:5      | Found Anafot's Armour Emporium.
  5947 | D:5      | Killed a wyvern
  6146 | D:5      | Found Clypreow's Antique Armour Shop.
  6156 | D:5      | Bought a bloodstained leather armour for 154 gold pieces
  6167 | D:5      | Identified the +2 leather armour of Khyap {rC+ Dam-1} (You bought it in a shop on level 5 of the Dungeon)
  6739 | D:6      | Gained mutation: You have a pair of small horns on your head. [demonic ancestry]
  6739 | D:6      | Reached XP level 8. HP: 38/56 MP: 7/7
  6986 | D:6      | Reached skill level 6 in Crossbows
  7844 | D:7      | Reached skill level 5 in Dodging
  8100 | D:7      | Reached skill level 5 in Maces & Flails
  8274 | D:7      | Reached skill level 7 in Crossbows
  8663 | D:8      | Noticed a hill giant
  8718 | D:8      | Found a staircase to the Lair.
  8718 | D:8      | Noticed a wandering mushroom
  8731 | D:8      | Noticed a wandering mushroom
  8740 | D:8      | Killed a wandering mushroom
  8740 | D:8      | Reached XP level 9. HP: 63/63 MP: 8/8
  8783 | D:8      | Killed a wandering mushroom
  9025 | D:8      | Found a staircase to the Orcish Mines.
  9141 | D:8      | Noticed Gastronok
  9460 | D:7      | Paralysed by a giant eyeball for 3 turns
  9492 | D:8      | Noticed Erolcha
  9603 | D:8      | Found an iron altar of Okawaru.
  9606 | D:8      | Became a worshipper of Warmaster Okawaru
  9669 | D:8      | Reached skill level 8 in Crossbows
  9812 | D:8      | Found a glowing silver altar of Zin.
 10037 | D:5      | Bought a faintly glowing robe for 125 gold pieces
 10046 | D:5      | Identified the +0 robe "Poecsit" {+Blink +Rage rElec Int+3} (You bought it in a shop on level 5 of the Dungeon)
 10322 | D:4      | Killed Duvessa
 10331 | D:4      | Killed Dowan
 10546 | D:8      | Killed a hill giant
 10546 | D:8      | Acquired Okawaru's first power
 10591 | D:8      | Reached XP level 10. HP: 61/70 MP: 9/9
 10633 | D:8      | Noticed Eustachio
 10732 | D:8      | Killed Eustachio
 11094 | D:7      | Reached skill level 9 in Crossbows
 11214 | D:8      | Killed Erolcha
 11837 | D:8      | Killed Gastronok
 11837 | D:8      | Reached skill level 10 in Crossbows
 12009 | Lair:1   | Entered Level 1 of the Lair of Beasts
 12048 | Lair:1   | Noticed a black mamba
 12062 | Lair:1   | Killed a black mamba
 12214 | Lair:1   | Noticed a black mamba
 12233 | Lair:1   | Killed a black mamba
 12233 | Lair:1   | Received a gift from Okawaru
 12259 | Lair:1   | Received a gift from Okawaru
 12259 | Lair:1   | Gained mutation: You can steal the life force of defeated enemies. [demonic ancestry]
 12259 | Lair:1   | Reached XP level 11. HP: 15/75 MP: 11/11
 12788 | Lair:1   | Reached skill level 11 in Crossbows
 12799 | Lair:1   | Received a gift from Okawaru
 13253 | Lair:2   | Received a gift from Okawaru
 13648 | Lair:2   | Noticed a six-headed hydra
 13667 | Lair:2   | Killed a six-headed hydra
 13777 | Lair:2   | Reached skill level 1 in Invocations
 14159 | Lair:3   | Received a gift from Okawaru
 14393 | Lair:3   | Found a hole to the Spider Nest.
 14411 | Lair:3   | Acquired Okawaru's second power
 14976 | Lair:3   | Received a gift from Okawaru
 15284 | Lair:3   | Noticed a six-headed hydra
 15303 | Lair:3   | Killed a six-headed hydra
 15303 | Lair:3   | Received a gift from Okawaru
 15303 | Lair:3   | Gained mutation: You have a pair of horns on your head. [demonic ancestry]
 15303 | Lair:3   | Reached XP level 12. HP: 56/84 MP: 11/13
 16001 | Lair:2   | Reached skill level 5 in Fighting
 16001 | Lair:2   | Reached skill level 12 in Crossbows
 16170 | Lair:4   | Found a staircase to the Swamp.
 16277 | Lair:4   | Received a gift from Okawaru
 17269 | Lair:4   | Reached skill level 1 in Shields
 17773 | Lair:5   | Reached skill level 13 in Crossbows
 18232 | Lair:5   | Reached skill level 10 in Dodging
 18241 | Lair:5   | Received a gift from Okawaru
 18408 | Lair:5   | Received a gift from Okawaru
 18562 | Lair:5   | Reached XP level 13. HP: 52/90 MP: 15/15
 18802 | Lair:5   | Reached skill level 5 in Stealth
 19706 | Lair:6   | Received a gift from Okawaru
 19707 | Lair:6   | Got a pair of slimy boots {god gift}
 19710 | Lair:6   | Identified the -5 pair of boots of Okawaru's Whim {rF+ Curse} (Okawaru gifted it to you on level 6 of the Lair of Beasts)
 19720 | Lair:6   | Found a staircase to the Slime Pits.
 19736 | Lair:6   | Reached skill level 1 in Evocations
 19984 | Lair:7   | Found a labyrinth entrance.
 20056 | Lab      | Entered a labyrinth
 20291 | Lab      | Identified the Reference Book on Lethal Slavery (You found it in a labyrinth)
 21797 | Lair:8   | Entered Level 8 of the Lair of Beasts
 21848 | Lair:8   | Reached skill level 14 in Crossbows
 21932 | Lair:8   | Received a gift from Okawaru
 22052 | Lair:8   | Received a gift from Okawaru
 23148 | Lair:8   | Noticed a dire elephant
 23214 | Lair:8   | Noticed a dire elephant
 23277 | Lair:8   | Killed a dire elephant
 23301 | Lair:8   | Noticed a dire elephant
 23319 | Lair:8   | Killed a dire elephant
 23810 | Lair:2   | Got an ichor-stained great mace
 24014 | Orc:1    | Entered Level 1 of the Orcish Mines
 25129 | Orc:2    | Noticed matti1234's ghost (powerful MfGl)
 25267 | Orc:2    | Gained mutation: You are mostly covered in rough black scales (AC +7, Dex -2). [demonic ancestry]
 25267 | Orc:2    | Reached XP level 14. HP: 99/99 MP: 18/18
 25289 | Orc:2    | Killed matti1234's ghost
 25289 | Orc:2    | Received a gift from Okawaru
 25524 | Orc:3    | Found Pironiec's Magic Scroll Boutique.
 25524 | Orc:3    | Noticed Josephine
 25554 | Orc:3    | Noticed Erica
 25557 | Orc:3    | Killed Josephine
 25584 | Orc:3    | Killed Erica
 25916 | Orc:3    | Found a staircase to the Elven Halls.
 26168 | Orc:3    | Bought a scroll of magic mapping for 49 gold pieces
 26168 | Orc:3    | Bought a scroll of identify for 28 gold pieces
 26168 | Orc:3    | Bought a scroll of magic mapping for 49 gold pieces
 26168 | Orc:3    | Bought a scroll of identify for 28 gold pieces
 26180 | Orc:4    | Entered Level 4 of the Orcish Mines
 26246 | Orc:4    | Found a dark tunnel.
 26318 | Volcano  | Entered a volcano
 26498 | Volcano  | Received a gift from Okawaru
 26893 | Orc:4    | Noticed tsn's ghost (powerful GrWn)
 26921 | Orc:4    | HP: 3/99 [tsn's ghost (2)]
 26923 | Orc:4    | Slain by tsn's ghost

Action                   |  1- 3 |  4- 6 |  7- 9 | 10-12 | 13-15 || total
-------------------------+-------+-------+-------+-------+-------++-------
Melee: Whip              |   172 |   307 |    70 |       |     1 ||   550
       Flail             |       |       |   229 |   531 |   917 ||  1677
       Morningstar       |       |       |    25 |       |       ||    25
       Mace              |       |       |       |       |     3 ||     3
 Fire: Crossbow          |    33 |    62 |   190 |   573 |   382 ||  1240
Invok: Heroism           |       |       |       |     7 |     9 ||    16
       Finesse           |       |       |       |       |     1 ||     1
Evoke: Wand              |       |       |     2 |     2 |    15 ||    19
  Use: Scroll            |       |     7 |    25 |     4 |    13 ||    49
       Potion            |       |       |       |     3 |     5 ||     8
 Stab: Sleeping          |       |       |     3 |    16 |     8 ||    27
       Distracted        |       |       |       |       |     1 ||     1
